 Dungeon Crawl Stone Soup version 0.20-a0-925-g2efaa84 (webtiles) character file.

496 AlphabetPasta the Vexing (level 7, -4/46 HPs)
             Began as a Barachi Enchanter on Mar 27, 2017.
             Slain by Edmund
             ... wielding a +1 flail of venom
              (6 damage)
             ... on level 4 of the Dungeon on Mar 28, 2017.
             The game lasted 00:23:49 (4241 turns).

AlphabetPasta the Vexing (Barachi Enchanter)        Turns: 4241, Time: 00:23:49

Health: -4/46      AC:  4    Str:  9    XL:     7   Next: 15%
Magic:  1/11       EV: 16    Int: 17    God:
Gold:   236        SH:  0    Dex: 13    Spells: 0/12 levels left

rFire    . . .     SeeInvis .   a - +1 dagger
rCold    . . .     Gourm    .   (no shield)
rNeg     + . .     Faith    .   b - +1 robe
rPois    .         Spirit   .   k - +0 helmet
rElec    .         Reflect  .   (no cloak)
rCorr    .         Harm     .   (no gloves)
MR       .....                  (no boots)
Stlth    +++.......             (no amulet)
Regen    0.2/turn               e - ring of positive energy
MPRegen  0.2/turn               h - +3 ring of evasion

@: lethally poisoned (-4 -> -13), can't hop, slow
A: +LOS, swims, slowness 1, strong legs 1
a: Hop


You were on level 4 of the Dungeon.
You were very hungry.

You visited 1 branch of the dungeon, and saw 4 of its levels.

You collected 236 gold pieces.

Inventory:

Hand Weapons
 a - a +1 dagger (weapon)
Missiles
 m - 12 javelins (quivered)
Armour
 b - a +1 robe (worn)
 k - a +0 helmet (worn)
Jewellery
 e - a ring of positive energy (left hand)
 h - a +3 ring of evasion (right hand)
Scrolls
 f - 3 scrolls of remove curse
 j - 4 scrolls of magic mapping
 o - 2 scrolls of identify
Potions
 i - a potion of flight
Books
 c - a book of Maledictions

   Spells                             Type                      Level
   a - Corona                         Hexes                        1
   b - Ensorcelled Hibernation        Hexes/Ice                    2
   c - Confuse                        Hexes                        3
   d - Tukima's Dance                 Hexes                        3
   e - Dazzling Spray                 Conjuration/Hexes            3
Comestibles
 d - 4 bread rations
 g - 2 chunks of flesh
 n - 3 meat rations


   Skills:
 * Level 4.1 Short Blades
 + Level 3.7 Dodging
 * Level 4.6 Stealth
 + Level 3.0 Spellcasting
 * Level 4.9 Hexes


You couldn't memorise any spells.
You knew the following spells:

 Your Spells              Type           Power        Failure   Level  Hunger
a - Corona                Hex            ###....      2%          1    None
b - Ensorcelled Hibernat  Hex/Ice        ##....       12%         2    ##.....
c - Confuse               Hex            ###.....     10%         3    ###....
d - Tukima's Dance        Hex            ###.....     10%         3    ###....
e - Dazzling Spray        Conj/Hex       ##....       21%         3    ###....


Dungeon Overview and Level Annotations

Branches:
Dungeon (4/15)
 Temple: D:4-7

Altars:
Ru

Annotations:
D:4 Edmund


Innate Abilities, Weirdness & Mutations

Shadows flee at your approach. (+LOS)
You can swim through water.
You cover ground slowly.
You can hop short distances.


Message History

* * * LOW HITPOINT WARNING * * *
You are lethally poisoned!
You hit Edmund.
Edmund is severely wounded.
* * * LOW HITPOINT WARNING * * *
You feel sick. Edmund completely misses you.
You hit Edmund.
Edmund is severely wounded.
You are feeling very hungry.
* * * LOW HITPOINT WARNING * * *
You feel sick.
You barely miss Edmund.
Edmund is severely wounded.
* * * LOW HITPOINT WARNING * * *
You feel sick. Edmund barely misses you.
Your magical contamination has completely faded away.
You hit Edmund.
Edmund is severely wounded.
Edmund hits you with a flail of venom.
You die...

#...# #.# #...###.### ###
#....##.#.. ..#
#....##.#.# ### #.#
#....##.... ...#.#
#.##......#
..####.#.######.#####..##
.....................>...
...####.#@##..........####
..####.#@##.##.#####.....
.........#...#.# #..###
.........#...#.# #(
########...#...#.# #.
...........#...#.# #.
#######.#.#...#.#
#.#รท#...#.# #.#.#...#.#


You could see Edmund.

Vanquished Creatures
  Menkaure (D:4)
  An ogre (D:3)
  A hound (D:4)
  2 orc wizards
  2 orc priests (D:3)
  6 adders
  2 dart slugs
  3 leopard geckos
  7 orcs
  7 bats
  2 giant cockroaches
  6 goblins
  7 hobgoblins
  11 jackals
  3 quokkas
  6 frilled lizards
  5 kobolds
  7 rats
79 creatures vanquished.

Vanquished Creatures (others)
  4 toadstools (D:1)
4 creatures vanquished.

Grand Total: 83 creatures vanquished

Notes
Turn   | Place    | Note
-------+----------+-------------------------------------------
     0 | D:1      | AlphabetPasta the Barachi Enchanter began the quest for the Orb.
     0 | D:1      | Reached XP level 1. HP: 13/13 MP: 3/3
   211 | D:1      | Reached XP level 2. HP: 17/19 MP: 5/5
   231 | D:1      | Learned a level 2 spell: Ensorcelled Hibernation
   633 | D:1      | Reached XP level 3. HP: 13/24 MP: 3/6
   638 | D:1      | Learned a level 3 spell: Confuse
  1568 | D:2      | Reached XP level 4. HP: 30/30 MP: 4/7
  1698 | D:2      | Found a sacrificial altar of Ru.
  2302 | D:2      | Reached XP level 5. HP: 35/35 MP: 8/8
  3407 | D:2      | Learned a level 3 spell: Tukima's Dance
  3419 | D:3      | Reached XP level 6. HP: 38/41 MP: 0/10
  4006 | D:4      | Noticed Menkaure
  4027 | D:4      | Killed Menkaure
  4027 | D:4      | Reached XP level 7. HP: 35/46 MP: 6/11
  4071 | D:4      | Learned a level 3 spell: Dazzling Spray
  4113 | D:4      | Learned a level 3 spell: Dazzling Spray
  4169 | D:4      | Noticed Edmund
  4239 | D:4      | HP: 2/46 [poisoned by Edmund]
  4241 | D:4      | Slain by Edmund

Vault maps used:
D:1:      ldierk_walled_garden_2
D:2:      nicolae_ru_great_annihilating_truth
D:3:      first_bread, minivault_26
D:4:      uniq_duvessa, uniq_menkaure, uniq_edmund

Skill      XL: |  1  2  3  4  5  6 |
---------------+-------------------+-----
Stealth        | 3 4 |  4.6
Short Blades   | 2 3 4 |  4.1
Hexes          | 4 |  4.9
Dodging        | 3 |  3.7
Spellcasting   | 3 |  3.0

Action                   |  1- 3 |  4- 6 |  7- 9 || total
-------------------------+-------+-------+-------++-------
Melee: Dagger            |   116 |   201 |    24 ||   341
Throw: Javelin           |       |    12 |       ||    12
 Cast: Corona            |     8 |     1 |       ||     9
       Ensorcelled Hiber |    13 |    35 |     2 ||    50
       Confuse           |       |    11 |     3 ||    14
 Abil: Hop               |       |     1 |     1 ||     2
  Use: Scroll            |     3 |     6 |     1 ||    10
       Potion            |       |     2 |     1 ||     3
 Stab: Sleeping          |     9 |    17 |     2 ||    28
       Paralysed         |       |     1 |       ||     1
       Confused          |       |     4 |     1 ||     5
  Eat: Chunk             |     4 |     5 |     1 ||    10
       Bread ration      |       |     1 |       ||     1
       Royal jelly       |       |     1 |       ||     1
Armor: Robe              |    19 |    35 |       ||    54
Dodge: Dodged            |    85 |   115 |    15 ||   215
